 Dungeon Crawl Stone Soup version 0.19.0-2-gae57169 (webtiles) character file.

904 Patchouli the Insei (level 7, -1/56 HPs)
             Began as a Green Draconian Transmuter on Nov 3, 2016.
             Was a Follower of Elyvilon.
             Slain by a centaur (3 damage)
             ... on level 6 of the Dungeon.
             The game lasted 00:26:44 (2774 turns).

Patchouli the Insei (Green Draconian Transmuter)    Turns: 2774, Time: 00:26:45

Health: -1/56      AC:  2    Str: 12      XL:     7   Next: 80%
Magic:  3/12       EV: 21    Int: 13      God:    Elyvilon [*.....]
Gold:   168        SH:  0    Dex: 16 (17) Spells: 4 memorised, 3 levels left

rFire  . . .     SeeInvis .       - Unarmed
rCold  . . .     Gourm    .     (armour unavailable)
rNeg   . . .     Faith    .     (shield currently unavailable)
rPois  x         Spirit   .     (helmet currently unavailable)
rElec  .         Reflect  .     (cloak currently unavailable)
rCorr  .         Harm     .     (gloves currently unavailable)
MR     .....                    (boots currently unavailable)
Stlth  +.........               (no amulet)
                                (no ring)
                                (no ring)

@: spider-form
A: (breathe noxious fumes), unfitting armour, (talons 0), blink, dopey 1,
(poison resistance), (cold-blooded), AC +6
a: End Transformation, Blink, Lesser Healing, Divine Protection, Renounce
Religion


You were on level 6 of the Dungeon.
You worshipped Elyvilon.
Elyvilon was aware of your devotion.
You were very hungry.
You were a venomous arachnid creature.
You visited 2 branches of the dungeon, and saw 8 of its levels.
You also visited: Sewer and Ossuary.

You collected 168 gold pieces.

Inventory:

Missiles
 a - 33 arrows
Scrolls
 e - a scroll of remove curse
 i - a scroll of random uselessness
 j - 2 scrolls of teleportation
 k - 4 scrolls of blinking
Potions
 h - 5 potions of flight
 m - a potion of lignification {unknown}
 o - a potion of ambrosia
Books
 b - a book of Changes

   Spells                             Type                      Level
   a - Beastly Appendage              Transmutation                1
   b - Sticks to Snakes               Transmutation                2
   c - Spider Form                    Transmutation/Poison         3
   d - Ice Form                       Ice/Transmutation            4
   e - Blade Hands                    Transmutation                5
 f - a book of Geomancy

   Spells                             Type                      Level
   a - Sandblast                      Earth                        1
   b - Passwall                       Transmutation/Earth          2
   c - Stone Arrow                    Conjuration/Earth            3
   d - Petrify                        Transmutation/Earth          4
   e - Lee's Rapid Deconstruction     Earth                        5
Comestibles
 c - a bread ration
 d - 2 meat rations
 g - a slice of pizza
 l - 3 chunks of flesh


   Skills:
 + Level 2.5 Fighting
 + Level 2.9 Dodging
 * Level 4.9 Unarmed Combat
 * Level 3.7 Spellcasting
 * Level 4.4 Transmutations
 * Level 2.2 Ice Magic
 * Level 3.6 Poison Magic
 * Level 2.1 Invocations


You had 3 spell levels left.
You knew the following spells:

 Your Spells              Type           Power        Failure   Level  Hunger
a - Beastly Appendage     Tmut           ##....       14%         1    #......
b - Sticks to Snakes      Tmut           ##......     21%         2    ##.....
c - Spider Form           Tmut/Pois      ##........   32%         3    ###....
d - Ice Form              Ice/Tmut       ##......     82%         4    #####..


Dungeon Overview and Level Annotations

Branches:
Dungeon (7/15)             Temple (1/1) D:4

Altars:
Dithmenos
Elyvilon
Fedhas
Hepliaklqana
Kikubaaqudgha
Makhleb
Nemelex Xobeh
Okawaru
Qazlal
Sif Muna
Trog
Uskayaw
Vehumet
Xom
The Shining One

Annotations:
D:2 Robin
D:5 Sigmund


Innate Abilities, Weirdness & Mutations

((You can breathe blasts of noxious fumes.))
((Your lurid green scales are hard. (AC +6)))
You cannot fit into any form of body armour.
((Your system is resistant to poisons. (rPois)))
((You are cold-blooded and may be slowed by cold attacks.))
((You have sharp toenails.))
You can translocate small distances at will.
You are dopey. (Int -2)


Message History

The ice beast hits you but does no damage.
You open the door.
The ice beast hits you but does no damage.
There is an open door here.
You see here a bullfrog skeleton.
Casting: Spider Form
Confirm with . or Enter, or press ? or * to list all spells.
You turn into a venomous arachnid creature.
Your divine protection fades away.
The centaur shoots an arrow.
The arrow hits you.
* * * LOW HITPOINT WARNING * * *
Some of the chunks of flesh in your inventory have rotted away.
You see here an arrow.
The centaur shoots an arrow.
The arrow barely misses you.
There is a stone staircase leading down here.
You can't go up here!
The ice beast misses you.
The centaur unwields an uncursed shortbow.
The centaur hits you.
You die...

###'##+##.#..........#....#...
#.........#........#.#8..#...8
#........##........#..####'###
#.........'........#..........
#........##........###........
#..................# #........
######+..8.....8c..###........
#.............รท..........
##......sY..#####........
#)......c..# #........
#..........# ########.
#..........# #. #..8.....8.#
## #..........# ###
#.........## #.. ###########
#.# #..


You could see an ice beast and 2 centaurs.

Vanquished Creatures
  Menkaure (D:4)
  An orc warrior (D:7)
  A centaur (D:5)
  2 bullfrogs (D:6)
  A crimson imp (D:5)
  A jelly (D:5)
  An orc priest (D:6)
  A centaur skeleton (D:6)
  2 orc wizards (D:5)
  5 worker ants
  A mummy (D:4)
  4 adders
  A river rat (D:3)
  A shadow imp (D:6)
  3 oozes (Sewer)
  A dart slug (D:4)
  4 worms
  6 leopard geckos
  8 orcs
  2 ball pythons
  5 giant cockroaches
  3 goblins
  3 hobgoblins
  11 jackals
  4 kobolds
  2 quokkas
  5 bats
  3 frilled lizards
  2 gnoll zombies (D:6)
  A quokka zombie (D:4)
  9 rats
  A rat zombie (D:4)
96 creatures vanquished.

Vanquished Creatures (collateral kills)
  An iguana (D:3)
  An adder (D:3)
  An ooze (Sewer)
  A worm (Sewer)
  A frilled lizard (Sewer)
5 creatures vanquished.

Vanquished Creatures (others)
  An orc (D:6)
1 creature vanquished.

Grand Total: 102 creatures vanquished

Notes
Turn   | Place    | Note
-------+----------+-------------------------------------------
     0 | D:1      | Patchouli the Draconian Transmuter began the quest for the Orb.
     0 | D:1      | Reached XP level 1. HP: 16/16 MP: 3/3
   118 | D:1      | Reached XP level 2. HP: 19/23 MP: 3/5
   122 | D:1      | Learned a level 2 spell: Sticks to Snakes
   281 | D:2      | Found a faded altar of an unknown god.
   289 | D:2      | Noticed Robin
   401 | D:3      | Reached XP level 3. HP: 28/28 MP: 0/6
   406 | D:3      | Learned a level 3 spell: Spider Form
   658 | D:3      | Found a glowing drain.
   668 | D:3      | Reached XP level 4. HP: 12/35 MP: 4/8
   691 | Sewer    | Entered a sewer
  1330 | D:4      | Reached XP level 5. HP: 40/40 MP: 2/9
  1359 | D:4      | Reached skill level 1 in Poison Magic
  1435 | D:4      | Noticed Menkaure
  1449 | D:4      | Killed Menkaure
  1450 | D:4      | Gained mutation: You have sharp toenails. [potion of mutation]
  1450 | D:4      | Gained mutation: You are dopey. (Int -2) [potion of mutation]
  1450 | D:4      | Gained mutation: You can translocate small distances at will. [potion of mutation]
  1454 | D:4      | Found a sand-covered staircase.
  1478 | Ossuary  | Entered an ossuary
  1499 | D:4      | Reached XP level 6. HP: 19/48 MP: 0/10
  1510 | D:4      | Found a staircase to the Ecumenical Temple.
  1517 | Temple   | Entered the Ecumenical Temple
  1556 | Temple   | Became a worshipper of Elyvilon the Healer
  1693 | D:4      | Learned a level 4 spell: Ice Form
  1729 | D:5      | Entered Level 5 of the Dungeon
  1968 | D:4      | Reached * piety under Elyvilon
  2046 | D:5      | Reached skill level 1 in Invocations
  2162 | D:5      | Noticed Sigmund
  2264 | D:4      | Found a sparkling altar of Nemelex Xobeh.
  2265 | D:4      | Found a bloodstained altar of Trog.
  2383 | D:5      | Reached skill level 1 in Ice Magic
  2383 | D:5      | Your scales start taking on a lurid green colour.
  2383 | D:5      | Reached XP level 7. HP: 40/55 MP: 8/12
  2383 | D:5      | Gained mutation: Your system is resistant to poisons. (rPois) [Green Draconian growth]
  2673 | D:6      | Reached ** piety under Elyvilon
  2752 | D:6      | HP: 1/56 [centaur/arrow (13)]
  2772 | D:6      | HP: 1/56 [centaur/arrow (3)]
  2774 | D:6      | Slain by a centaur

Skill      XL: |  1  2  3  4  5  6  7 |
---------------+----------------------+-----
Dodging        | 2 |  2.9
Transmutations | 3 4 |  4.4
Spellcasting   | 3 |  3.7
Unarmed Combat | 4 |  4.9
Poison Magic   | 1 2 3 |  3.6
Fighting       | 2 |  2.5
Invocations    | 1 2 |  2.1
Ice Magic      | 1 2 |  2.2

Action                   |  1- 3 |  4- 6 |  7- 9 || total
-------------------------+-------+-------+-------++-------
Melee: Unarmed           |   105 |   175 |    78 ||   358
       Tailslap          |    12 |     4 |     1 ||    17
       Kick              |    11 |     9 |       ||    20
       Headbutt          |     9 |     3 |       ||    12
       Punch             |       |     5 |       ||     5
 Cast: Beastly Appendage |    17 |     8 |       ||    25
       Sticks to Snakes  |     8 |     9 |       ||    17
       Spider Form       |     1 |    28 |    10 ||    39
Invok: Lesser Healing    |       |       |     4 ||     4
       Heal Other        |       |       |     2 ||     2
       Divine Protection |       |       |     1 ||     1
 Abil: End Transformatio |       |     2 |       ||     2
  Use: Scroll            |     6 |     2 |     2 ||    10
       Potion            |       |    10 |     1 ||    11
 Stab: Sleeping          |       |       |     1 ||     1
  Eat: Chunk             |       |     6 |     3 ||     9
       Meat ration       |       |     1 |       ||     1
Armor: Skin              |    30 |    45 |     8 ||    83
Dodge: Dodged            |    78 |   155 |    56 ||   289
